 Dungeon Crawl Stone Soup version 0.28.0 (webtiles) character file.

Game seed: 15509425390197092692

6 horus123 the Poker (level 1, -1/17 HPs)
             Began as a Merfolk Gladiator on Feb 16, 2022.
             Slain by a kobold (3 damage)
             ... on level 1 of the Dungeon.
             The game lasted 00:00:13 (69 turns).

horus123 the Poker (Merfolk Gladiator)                Turns: 69, Time: 00:00:14

Health: -1/17      AC:  4    Str: 14    XL:     1   Next: 90%
Magic:  1/1        EV: 13    Int:  7    God:
Gold:   0          SH:  0    Dex: 15    Spells: 0/0 levels left

rFire   . . .      SeeInvis .   a - +0 trident
rCold   . . .      Faith    .   (no shield)
rNeg    . . .      Spirit   .   b - +0 leather armour
rPois   .          Reflect  .   c - +0 helmet
rElec   .          Harm     .   (no cloak)
rCorr   .          Rampage  .   (no gloves)
Will    .....                   (no boots)
Stlth   +.........              (no amulet)
HPRegen 0.05/turn               (no ring)
MPRegen 0.07/turn               (no ring)

@: no status effects
A: (nimble swimmer 2), mertail
a: no special abilities


You were on level 1 of the Dungeon.
You visited 1 branch of the dungeon, and saw 1 of its levels.

Inventory:

Hand Weapons
 a - a +0 trident (weapon)
Missiles
 d - 3 throwing nets (quivered)
Armour
 b - a +0 leather armour (worn)
 c - a +0 helmet (worn)


   Skills:
 + Level 2.9 Fighting
 - Level 4.4 Polearms
 - Level 2.0 Throwing
 - Level 4.0 Dodging


You couldn't memorise any spells.
You didn't know any spells.
Your spell library was empty.

Dungeon Overview and Level Annotations

Branches:
Dungeon (1/15)

Altars:


Innate Abilities, Weirdness & Mutations

((You are very nimble when in or above water. (Stealth+, EV+, Speed+++)))
Your lower body shifts to a powerful aquatic tail in water.


Message History

You closely miss the kobold. The kobold closely misses you.
You hit the kobold.
The kobold is moderately wounded.
The kobold barely misses you.
You hit the hobgoblin but do no damage. The hobgoblin barely misses you.
The kobold hits you with a +0 short sword.
You closely miss the hobgoblin. The hobgoblin hits you.
The kobold barely misses you.
You are too injured to fight recklessly!
You are too injured to fight recklessly!
You are too injured to fight recklessly!
You are too injured to fight recklessly!
You are too injured to fight recklessly!
You are too injured to fight recklessly!
You are too injured to fight recklessly!
You are too injured to fight recklessly!
You are too injured to fight recklessly!
You are too injured to fight recklessly!
You hit the kobold but do no damage.
A goblin comes into view. It is wielding a +0 dagger.
The hobgoblin barely misses you. The kobold misses you.
You completely miss the kobold. The hobgoblin barely misses you.
The kobold barely misses you.
You hit the hobgoblin.
The hobgoblin is moderately wounded.
The hobgoblin hits you but does no damage.
The kobold closely misses you.
You hit the hobgoblin.
The hobgoblin is almost dead.
The hobgoblin closely misses you.
The kobold hits you with a +0 short sword.
* * * LOW HITPOINT WARNING * * *
The hobgoblin completely misses you.
You barely miss the hobgoblin.
The hobgoblin is almost dead.
The kobold misses you. The hobgoblin misses you.
You barely miss the hobgoblin.
The hobgoblin is almost dead.
The kobold hits you with a +0 short sword.
You die...

.......####.#
..#.....#...#
#..#......###
#..........# .
##.....###.### #..
##......#...##...#
#...##.###....#
##.###...)...##..
#.. #....@K..≈≈≈≈
.... #....g..≈≈.≈≈
.........g....≈≈≈.♣
.###...$...?...≈...
............##≈.≈
#...#.....#.≈♣ ..
##..##....#..^ .
#....##.#.


You could see a hobgoblin, a goblin and a kobold.

Vanquished Creatures
  2 endoplasms (D:1)
  A goblin (D:1)
  A hobgoblin (D:1)
  A rat (D:1)
5 creatures vanquished.

Notes
Turn   | Place    | Note
-------+----------+-------------------------------------------
     0 | D:1      | horus123 the Merfolk Gladiator began the quest for the Orb.
     0 | D:1      | Reached XP level 1. HP: 16/16 MP: 1/1
    69 | D:1      | Slain by a kobold

Illustrated notes

Levels and vault maps discovered:
D:1:      tarquinn_simple_flora_water_f, layout_rooms, serial_rivers,
          chequers_serial_rivers_micro_c, chequers_serial_rivers_micro_b,
          chequers_serial_rivers_marsh, chequers_serial_rivers_small_b,
          chequers_serial_rivers_room_a, chequers_serial_rivers_marsh,
          ebering_dispersal_statue_hall

Action                   || total
-------------------------++-------
Melee: Trident           ||    25
Armor: Leather armour    ||     4
Dodge: Dodged            ||    20
